 Dungeon Crawl Stone Soup version 0.28-a0-1199-gef9e1dbd39 (webtiles) character file.

Game seed: 11208508212101164115

14331 Garessta the Devastator (level 11, -16/98 HPs)
             Began as a Demonspawn Conjurer on Dec 19, 2021.
             Was a Believer of Vehumet.
             Hit by a silver javelin thrown by a minotaur (21 damage)
             ... in a Gauntlet.
             The game lasted 00:47:08 (15791 turns).

Garessta the Devastator (Demonspawn Conjurer)      Turns: 15791, Time: 00:47:08

Health: -16/98     AC: 10    Str:  9    XL:     11   Next: 87%
Magic:  11/29      EV: 14    Int: 23    God:    Vehumet [**....]
Gold:   697        SH:  0    Dex: 13    Spells: 9/22 levels left

rFire   . . .      SeeInvis .   K - staff of conjuration
rCold   . . .      Faith    .   (no shield)
rNeg    . . .      Spirit   .   M - +0 steam dragon scales
rPois   .          Reflect  .   S - +1 hat
rElec   .          Harm     .   q - +0 cloak
rCorr   .          Rampage  .   (gloves unavailable)
Will    +....      NoTele   +   r - +2 pair of boots of Hyamn {Dex+2}
Stlth   ++........              o - amulet of Vitality {Regen+ HP+15}
HPRegen 1.06/turn               b - ring of magical power
MPRegen 0.21/turn               J - ring of willpower

@: no status effects
A: claws 3, demonic guardian 1, ignite blood 1
a: Renounce Religion


You were in a Gauntlet.
You worshipped Vehumet.
Vehumet was pleased with you.
You visited 2 branches of the dungeon, and saw 12 of its levels.
You also visited: Bailey and Gauntlet.

You collected 697 gold pieces.

Inventory:

Hand Weapons
 y - the +8 hand axe of Fiodef {pain, Str+4}
   (You found it on level 5 of the Dungeon)

   In the hands of one skilled in necromantic magic, it inflicts extra damage on
   living creatures.
   Str:       It affects your strength (+4).
Armour
 i - a +2 pair of boots
 q - a +0 cloak (worn)
 r - the +2 pair of boots of Hyamn (worn) {Dex+2}
   (You found it in a Gauntlet)

   Dex:       It affects your dexterity (+2).
 M - +0 steam dragon scales (worn)
 S - a +1 hat (worn)
Magical Staves
 K - a staff of conjuration (weapon)
Jewellery
 b - a ring of magical power (left claw)
 m - a ring of resist corrosion
 o - the amulet of Vitality (around neck) {Regen+ HP+15}
   (You found it on level 5 of the Dungeon)

   [amulet of regeneration]

   HP:        It affects your health (+15).
   Regen:     It increases your rate of health regeneration.
 p - a +6 ring of dexterity
 C - an amulet of guardian spirit
 G - a ring of willpower
 J - a ring of willpower (right claw)
 O - a ring of poison resistance
Wands
 t - a wand of digging (5)
 u - a wand of charming (10)
 P - a wand of acid (2)
 Q - a wand of iceblast (3)
Scrolls
 a - a scroll of identify
 c - 3 scrolls of immolation
 l - a scroll of fog
 n - a scroll of amnesia {unknown}
 v - 5 scrolls of enchant weapon
 w - a scroll of blinking
 x - a scroll of summoning {unknown}
 A - a scroll of noise {unknown}
 B - a scroll of fear {unknown}
 F - 2 scrolls of teleportation
 I - a scroll of vulnerability {unknown}
 L - a scroll of enchant armour {unknown}
 N - a scroll of holy word {unknown}
Potions
 d - a potion of curing
 e - a potion of invisibility
 f - 4 potions of haste
 g - 2 potions of lignification
 h - 2 potions of mutation
 k - a potion of brilliance
 s - 3 potions of degeneration
 z - a potion of berserk rage
 H - 3 potions of might
 R - a potion of flight {unknown}
Miscellaneous
 D - a box of beasts (inert)


   Skills:
 - Level 6.5 Fighting
 - Level 6.3 Dodging
 - Level 1.7 Stealth
 - Level 6.4 Spellcasting
 + Level 15.5 Conjurations
 * Level 2.9 Earth Magic


You had 9 spell levels left.
You knew the following spells:

 Your Spells              Type           Power      Damage    Failure   Level
a - Magic Dart            Conj           100%       1d8       0%          1
b - Searing Ray           Conj           100%       2d8       1%          2
c - Iskenderun's Mystic   Conj/Tloc      59%        2d12      3%          4
d - Iron Shot             Conj/Erth      32%        9d7       28%         6

Your spell library contained the following spells:

 Spells                   Type           Power      Damage    Failure   Level
 Static Discharge         Conj/Air       59%        N/A       1%          2
 Dazzling Flash           Conj/Hex       100%       N/A       1%          3
 Stone Arrow              Conj/Erth      100%       3d13      1%          3
 Iskenderun's Battlesphe  Conj           87%        2d13      1%          5
 Sandblast                Erth           40%        2d10      2%          1
 Mephitic Cloud           Conj/Pois/Air  46%        N/A       3%          3
 Fulminant Prism          Conj/Hex       29%        3d14      3%          4
 Hailstorm                Conj/Ice       59%        3d13      3%          4
 Passwall                 Tmut/Erth      11%        N/A       7%          2
 Animate Skeleton         Necr           14%        N/A       9%          1
 Freeze                   Ice            28%        1d5       9%          1
 Pain                     Necr           28%        1d5       9%          1
 Corpse Rot               Necr/Air       14%        N/A       12%         2
 Frozen Ramparts          Ice            14%        1d3       24%         3
 Ignite Poison            Fire/Tmut/Pois 7%         N/A       24%         3
 Vampiric Draining        Necr           7%         2d6       24%         3
 Freezing Cloud           Conj/Ice/Air   23%        6-21      26%         5
 Dispel Undead            Necr           7%         3d8       63%         4
 Spellforged Servitor     Conj/Summ      29%        N/A       96%         7
 Death Channel            Necr           3%         N/A       100%        6


Dungeon Overview and Level Annotations

Branches:
Dungeon (11/15)            Temple (1/1) D:7            Lair (0/6) D:8
    Orc (0/2) D:11         Bailey (visited)         Gauntlet (1/1)

Altars:
Ashenzari
Cheibriados
Dithmenos
Elyvilon
Fedhas
Gozag
Hepliaklqana
Kikubaaqudgha
Makhleb
Nemelex Xobeh
Okawaru
Qazlal
Ru
Sif Muna
Trog
Uskayaw
Vehumet
Wu Jian
Xom
Yredelemnul
Zin
The Shining One

Annotations:
Gauntlet 8 transporters, 1 runed translucent door


Innate Abilities, Weirdness & Mutations

You have claws for hands.
A weak demonic guardian rushes to your aid.
Your demonic aura sometimes causes spilled blood to erupt in flames.


Message History

Casting: Iskenderun's Mystic Blast (dangerous; 3% risk of failure)
Confirm with . or Enter, or press ? or * to list all spells.
You feel a surge of power!
You erupt in a blast of force!
The mystic blast hits the minotaur!
The minotaur is heavily wounded.
The minotaur is knocked back by the mystic blast.
The minotaur slams into the stone wall!
Casting: Iskenderun's Mystic Blast (dangerous; 3% risk of failure)
Confirm with . or Enter, or press ? or * to list all spells.
You feel a surge of power!
You erupt in a blast of force!
The mystic blast hits the minotaur.
The minotaur is heavily wounded.
The minotaur is knocked back by the mystic blast.
The minotaur slams into the stone wall!
Casting: Iskenderun's Mystic Blast (dangerous; 3% risk of failure)
Confirm with . or Enter, or press ? or * to list all spells.
You feel a surge of power!
You erupt in a blast of force!
The mystic blast hits the minotaur but does no damage.
The minotaur is heavily wounded.
The minotaur hits you from afar with a +2 trident of freezing!!
The minotaur freezes you!
* * * LOW HITPOINT WARNING * * *
A demonic guardian appears!
You feel much better.
The minotaur hits you from afar with a +2 trident of freezing!
* * * LOW HITPOINT WARNING * * *
The minotaur freezes you.
* * * LOW HITPOINT WARNING * * *
You swap places.
The minotaur throws a silver javelin.
The silver javelin closely misses your ice devil.
The silver javelin pierces through you!
* * * LOW HITPOINT WARNING * * *
The silver sears you!
* * * LOW HITPOINT WARNING * * *
The minotaur hits your ice devil with a +2 trident of freezing!
The minotaur gores your ice devil!
The minotaur throws a silver javelin.
The silver javelin pierces through your ice devil!!
The silver javelin pierces through you!!
You die...

##§ #≈. ##. #≈.
##.
#############≈.
####.4H.....#.###.
#.°..##.###.#..##.
#@####....#.#...#.
#.#..H.##.#.#...#.
#.#.#####.#.#.©.#8
#.#.# #.#.#...#.
#.#H# #.#...©.#∩
#.#.# #.#.#...#.
#.#.# #.#.#.©.#8
#.#....##.#.#...#.
#.####..#.#.#...#.


You could see a minotaur (ally target) and a friendly ice devil (summoned).

Vanquished Creatures
  Gastronok (D:10)
  A death knight (D:10)
  A two-headed ogre (D:10)
  2 thrashing horrors (Gauntlet)
  Maurice (D:10)
  A smoke demon (Gauntlet)
  Maggie (D:10)
  2 unseen horrors
  3 trolls (D:10)
  Prince Ribbit (D:9)
  A wyvern (D:9)
  A wraith (D:9)
  Sigmund (D:2)
  2 steam dragons (D:8)
  7 yaks
  A vampire mosquito (D:9)
  3 small abominations (Gauntlet)
  11 orc warriors
  An ice beast (D:7)
  3 sky beasts
  A necrophage (D:5)
  5 ogres
  16 centaurs
  2 phantoms
  2 kobold brigands
  3 bullfrogs
  A gnoll sergeant (D:4)
  5 scorpions
  A water moccasin zombie (D:7)
  3 water moccasin skeletons
  18 killer bees (D:9)
  A wight (D:4)
  2 crimson imps (Gauntlet)
  2 jellies
  2 centaur zombies (D:10)
  3 orc priests
  Ijyb (D:5)
  7 orc wizards
  Natasha (thrice) (D:3)
  2 hound skeletons (D:4)
  Robin (D:3)
  5 gnolls (D:4)
  3 howler monkey zombies
  A howler monkey skeleton (D:5)
  3 adders
  A shadow imp (D:6)
  A white imp (D:5)
  2 ufetubi
  An adder zombie (D:5)
  6 worms
  A dart slug (D:2)
  44 orcs
  7 endoplasms
  6 giant cockroaches
  21 goblins
  7 hobgoblins
  10 jackals
  3 quokkas
  6 ball pythons
  7 bats
  4 frilled lizards (D:1)
  20 kobolds
  3 rats
288 creatures vanquished.

Vanquished Creatures (collateral kills)
  A red devil (Gauntlet)
  An orc warrior (Bailey)
  A hornet zombie (D:8)
3 creatures vanquished.

Vanquished Creatures (others)
  A quokka (D:10)
  A bush (D:10)
  41 plants
43 creatures vanquished.

Grand Total: 334 creatures vanquished

Notes
Turn   | Place    | Note
-------+----------+-------------------------------------------
     0 | D:1      | Garessta the Demonspawn Conjurer began the quest for the
                  | Orb.
     0 | D:1      | Reached XP level 1. HP: 13/13 MP: 3/3
   292 | D:1      | Gained mutation: A weak demonic guardian rushes to your
                  | aid. [demonic ancestry]
   292 | D:1      | Reached XP level 2. HP: 19/19 MP: 5/5
   425 | D:1      | Learned a level 2 spell: Searing Ray
   595 | D:1      | Found a faded altar of an unknown god.
   834 | D:2      | Reached XP level 3. HP: 24/24 MP: 6/6
  1047 | D:2      | Reached skill level 5 in Conjurations
  1392 | D:2      | Noticed Sigmund
  1401 | D:2      | Killed Sigmund
  1402 | D:2      | Reached skill level 6 in Conjurations
  1402 | D:2      | Gained mutation: You have sharp fingernails. [demonic
                  | ancestry]
  1402 | D:2      | Reached XP level 4. HP: 14/30 MP: 6/7
  1402 | D:2      | Reached XP level 5. HP: 17/35 MP: 6/8
  1407 | D:2      | Learned a level 4 spell: Iskenderun's Mystic Blast
  1695 | D:3      | Noticed Natasha
  1697 | D:3      | Killed Natasha
  1737 | D:3      | Found a bloodstained altar of Trog.
  1760 | D:3      | Reached skill level 7 in Conjurations
  2046 | D:3      | Noticed Robin
  2061 | D:3      | Killed Robin
  2170 | D:3      | Gained mutation: Your demonic aura sometimes causes spilled
                  | blood to erupt in flames. [demonic ancestry]
  2170 | D:3      | Reached XP level 6. HP: 41/41 MP: 9/9
  2297 | D:3      | Noticed Natasha
  2302 | D:3      | Killed Natasha
  2438 | D:3      | Noticed Natasha
  2441 | D:3      | Killed Natasha
  2969 | D:4      | Reached skill level 8 in Conjurations
  2998 | D:4      | Reached XP level 7. HP: 46/46 MP: 10/10
  3007 | D:4      | Found a burning altar of Makhleb.
  3010 | D:4      | Reached skill level 9 in Conjurations
  3651 | D:4      | Reached skill level 10 in Conjurations
  3727 | D:4      | Reached XP level 8. HP: 52/52 MP: 11/11
  4208 | D:5      | Entered Level 5 of the Dungeon
  4215 | D:5      | Identified the +8 hand axe of Fiodef {pain, Str+4}
  4337 | D:5      | Reached skill level 11 in Conjurations
  4954 | D:5      | Found the amulet of Vitality {Regen+ HP+15}
  4988 | D:5      | Noticed Ijyb
  4996 | D:5      | Killed Ijyb
  5300 | D:6      | Found a blossoming altar of Fedhas.
  5505 | D:6      | Reached skill level 12 in Conjurations
  5580 | D:6      | Found a radiant altar of Vehumet.
  5764 | D:6      | Became a worshipper of Vehumet
  6018 | D:6      | Reached XP level 9. HP: 57/57 MP: 12/12
  6643 | D:7      | Found a burning altar of Makhleb.
  7032 | D:7      | Reached skill level 1 in Fighting
  7191 | D:7      | Found a staircase to the Ecumenical Temple.
  7404 | Temple   | Entered the Ecumenical Temple
  7905 | D:8      | Found a flagged portal.
  7946 | Bailey   | Entered a bailey
  7963 | Bailey   | Reached * piety under Vehumet
  7963 | Bailey   | Offered knowledge of Shock by Vehumet.
  8108 | Bailey   | Reached skill level 13 in Conjurations
  9084 | Bailey   | Gained mutation: You have very sharp fingernails. [demonic
                  | ancestry]
  9084 | Bailey   | Reached XP level 10. HP: 70/70 MP: 11/16
  9617 | Bailey   | Offered knowledge of Foxfire by Vehumet.
 10019 | D:8      | Reached ** piety under Vehumet
 10292 | D:8      | Found a staircase to the Lair.
 10296 | D:8      | Noticed a boulder beetle
 11521 | D:9      | Found a basalt altar of Yredelemnul.
 11533 | D:9      | Reached skill level 14 in Conjurations
 11824 | D:9      | Noticed Prince Ribbit
 11830 | D:9      | Killed Prince Ribbit
 12043 | D:9      | Found an iron altar of Okawaru.
 12296 | D:10     | Entered Level 10 of the Dungeon
 12310 | D:10     | Reached skill level 5 in Spellcasting
 12317 | D:10     | Noticed Gastronok
 12471 | D:10     | Noticed a deep elf pyromancer
 12503 | D:10     | Reached skill level 5 in Dodging
 12661 | D:10     | Reached skill level 5 in Fighting
 12802 | D:10     | Noticed a two-headed ogre
 13010 | D:10     | Gained mutation: You have claws for hands. [demonic
                  | ancestry]
 13010 | D:10     | Reached XP level 11. HP: 80/80 MP: 19/19
 13016 | D:10     | Offered knowledge of Static Discharge by Vehumet.
 13111 | D:10     | Noticed a death knight
 13144 | D:10     | Killed a death knight
 13769 | D:10     | Noticed Maurice
 13777 | D:10     | Killed Maurice
 13879 | D:10     | Found an ancient bone altar of Kikubaaqudgha.
 13981 | D:10     | Killed Gastronok
 13982 | D:10     | Reached skill level 15 in Conjurations
 14153 | D:10     | Noticed Maggie
 14171 | D:10     | Killed Maggie
 14171 | D:10     | Reached *** piety under Vehumet
 14382 | D:10     | Killed a two-headed ogre
 14637 | D:10     | Found a sacrificial altar of Ru.
 14720 | D:11     | Found a gate leading to a gauntlet.
 15041 | Gauntlet | Entered a Gauntlet
 15041 | Gauntlet | Found a transporter.
 15041 | Gauntlet | Found a transporter.
 15048 | Gauntlet | Noticed a shining eye
 15057 | Gauntlet | Found a transporter.
 15071 | Gauntlet | Noticed a sixfirhy
 15072 | Gauntlet | Found a transporter.
 15072 | Gauntlet | Found a transporter.
 15074 | Gauntlet | Found a transporter.
 15074 | Gauntlet | Found a transporter.
 15083 | Gauntlet | Noticed a fire crab
 15093 | Gauntlet | Found a transporter.
 15104 | Gauntlet | Found a transporter.
 15104 | Gauntlet | Noticed a thrashing horror
 15111 | Gauntlet | Noticed a thrashing horror
 15112 | Gauntlet | Found a runed translucent door.
 15114 | Gauntlet | Found a transporter.
 15116 | Gauntlet | Found a runed translucent door.
 15119 | Gauntlet | Found a transporter.
 15122 | Gauntlet | Noticed a thrashing horror
 15146 | Gauntlet | Found a transporter.
 15153 | Gauntlet | Found a transporter.
 15165 | Gauntlet | Found a transporter.
 15428 | Gauntlet | Learned a level 6 spell: Iron Shot
 15563 | Gauntlet | Killed a thrashing horror
 15632 | Gauntlet | Killed a thrashing horror
 15636 | Gauntlet | Identified the +2 pair of boots of Hyamn {Dex+2}
 15768 | Gauntlet | Identified the ring "Irig" {rCorr MP+9 EV+4}
 15768 | Gauntlet | Noticed a minotaur
 15789 | Gauntlet | HP: 3/98 [minotaur/silver javelin (4)]
 15791 | Gauntlet | Hit by a silver javelin thrown by a minotaur

Illustrated notes

Levels and vault maps discovered:
D:1:      minmay_arrival_wavy_path, layout_rooms,
          shapermc_ecumenical_altar_acropolis
D:2:      layout_rooms, dk_noncrumbling_3, hex_medium, uniq_sigmund
D:3:      layout_basic, trog_three_pillars_becter, uniq_robin, uniq_natasha
D:4:      layout_basic, minmay_ruined_shrine
D:5:      layout_cave_pools, uniq_ijyb
D:6:      layout_basic, mainiacjoe_overflow_catwalk,
          mainiacjoe_overflow_catwalk_spiral, minmay_misc_feat_cross,
          serial_bayou_pond_c
D:7:      layout_loops_cross, bloody_makhleb, minmay_temple_entry_antechambers
D:8:      layout_basic, david_lair_shrubbed, enter_bailey_3, amethyst_killhole,
          st_stairs_11
D:9:      layout_stronghold, mainiacjoe_overflow_alcove_4,
          mainiacjoe_overflow_surrounded_room, uniq_prince_ribbit1
D:10:     minmay_the_grid_3x2 [minmay_the_grid_minigrid_small,
          minmay_the_grid_tiny_cups, minmay_the_grid_holed_spiral,
          minmay_the_grid_gridbox, minmay_the_grid_garden,
          minmay_the_grid_prize_big_room], layout_stronghold,
          mainiacjoe_overflow_chevrons, elyvilon_altar_4,
          mainiacjoe_overflow_alcove_2, uniq_gastronok, uniq_maggie,
          uniq_maurice
D:11:     layout_gridville, minmay_orc_entry_temple_small,
          gauntlet_entry_generic
Temple:   hc_temple_tempest_star
Gauntlet: gammafunk_gauntlet_mixed_choke_point [minmay_gauntlet_arena_77_box,
          minmay_gauntlet_arena_77_fan, minmay_gauntlet_arena_77_double_cross,
          gammafunk_gauntlet_arena_spirals, minmay_gauntlet_arena_77_p_blocks,
          minmay_gauntlet_arena_77_squiggly,
          minmay_gauntlet_arena_77_shame_cube,
          dreamdust_gauntlet_exit_labyrinth]

Skill      XL: |  1  2  3  4  5  6  7  8  9 10 11 |
---------------+----------------------------------+-----
Conjurations   | 6 7 8 10 12 13 14 15 | 15.5
Dodging        | 3 5 6 |  6.3
Fighting       | 3 5 6 |  6.5
Spellcasting   | 4 5 6 |  6.4
Earth Magic    | 2 |  2.9
Stealth        | |  1.7

Action                   |  1- 3 |  4- 6 |  7- 9 | 10-12 || total
-------------------------+-------+-------+-------+-------++-------
Melee: Staff             |       |       |       |    18 ||    18
 Cast: Magic Dart        |    86 |    36 |   189 |    65 ||   376
       Searing Ray       |     3 |    11 |    78 |    94 ||   186
       Iskenderun's Myst |       |       |     3 |    70 ||    73
Evoke: Box of beasts     |       |       |       |     1 ||     1
  Use: Scroll            |     1 |       |    11 |     4 ||    16
       Potion            |       |       |       |     1 ||     1
Armor: Robe              |     3 |     3 |    11 |     2 ||    19
       Steam dragon scal |       |       |       |    80 ||    80
Dodge: Dodged            |     1 |     9 |    45 |   122 ||   177

Table legend: (Time is in decaauts)
 A = Elapsed time spent in this place.
 B = Non-inter-level travel time spent in this place.
 C = Inter-level travel time spent in this place.
 D = Time resting spent in this place.
 E = Time spent auto-exploring this place.
 F = Levels seen in this place.
 G = Mean time per level.
                   A        B        C        D        E       F      G
               +--------+--------+--------+--------+--------+-----+--------+
         Total |  15877 |  15250 |    627 |   1556 |  11049 |  14 | 1134.1 |
       Dungeon |  13158 |  12549 |    609 |   1028 |   9758 |  11 | 1196.2 |
        Temple |    178 |    160 |     18 |      0 |    148 |   1 |  178.0 |
        Bailey |   1790 |   1790 |      0 |    357 |    922 |   1 | 1790.0 |
      Gauntlet |    749 |    749 |      0 |    171 |    221 |   1 |  749.0 |
               +--------+--------+--------+--------+--------+-----+--------+

Top non-repeatable levels by time:
    D:10: 2313 daAuts
  Bailey: 1790 daAuts
     D:9: 1654 daAuts
     D:8: 1442 daAuts
     D:6: 1364 daAuts
     D:4: 1362 daAuts
     D:3: 1154 daAuts
     D:5: 1023 daAuts
     D:7: 986 daAuts
     D:2: 911 daAuts
     D:1: 777 daAuts
Gauntlet: 749 daAuts
  Temple: 178 daAuts
    D:11: 168 daAuts
